 Dungeon Crawl Stone Soup version 0.30-a0-1103-g25895a7845 (webtiles) character file.

Game seed: 8882502506206930106

77 qeuew the Covert (level 4, -3/24 HPs)
             Began as a Spriggan Brigand on Apr 18, 2023.
             Slain by an orc
             ... wielding a +0 flail
              (4 damage)
             ... on level 3 of the Dungeon.
             The game lasted 00:02:04 (1479 turns).

qeuew the Covert (Spriggan Brigand)                 Turns: 1479, Time: 00:02:05

Health: -3/24      AC:  6    Str:  5    XL:     4   Next: 14%
Magic:  5/5        EV: 23    Int: 15    God:
Gold:   117        SH:  0    Dex: 21    Spells: 3/3 levels left

rFire   . . .      SeeInvis +    m - +3 dagger (speed)
rCold   . . .      Faith    .    (no shield)
rNeg    . . .      Spirit   .    b - +1 robe
rPois   .          Reflect  .    (helmet restricted)
rElec   .          Rampage  .    c - +0 cloak
rCorr   .                        (gloves unavailable)
Will    .....                    (boots unavailable)
Stlth   +++++                    (no amulet)
HPRegen 0.24/turn                (no ring)
MPRegen 0.09/turn                (no ring)

@: very quick
A: very small, no large weapons, unfitting armour, see invisible, speed 3,
iridescent scales 1, agile 1, clever 1
a: no special abilities


You were on level 3 of the Dungeon.
You visited 1 branch of the dungeon, and saw 3 of its levels.

You collected 117 gold pieces.

Inventory:

Hand Weapons
 m - a +3 dagger of speed (weapon)
Missiles
 d - 9 poisoned darts (quivered)
 e - 3 curare-tipped darts
Armour
 b - a +1 robe (worn)
 c - a +0 cloak (worn)
Scrolls
 j - a scroll of fog
Potions
 a - a potion of flight


   Skills:
 + Level 3.4 Fighting
 * Level 6.4 Short Blades
 + Level 4.2 Throwing
 * Level 7.2 Dodging
 * Level 10.4 Stealth


You had 3 spell levels left.
You didn't know any spells.
Your spell library contained the following spells:

 Spells                   Type           Power      Damage    Failure   Level
 Lesser Beckoning         Tloc           0%         N/A       38%         2
 Frozen Ramparts          Ice            0%         1d1       63%         3
 Gell's Gravitas          Tloc           0%         N/A       63%         3
 Inner Flame              Hex/Fire       0%         N/A       63%         3
 Teleport Other           Tloc           0%         N/A       63%         3
 Flame Wave               Conj/Fire      0%         2d4       95%         4
 Ice Form                 Ice/Tmut       0%         N/A       95%         4
 Leda's Liquefaction      Hex/Erth       0%         N/A       95%         4
 Sticky Flame             Conj/Fire      0%         2d3       95%         4
 Summon Ice Beast         Ice/Summ       0%         N/A       95%         4
 Lee's Rapid Deconstruct  Erth           0%         3d4*      100%        5
 Statue Form              Tmut/Erth      0%         N/A       100%        6


Dungeon Overview and Level Annotations

Branches:
Dungeon (3/15)

Altars:


Innate Abilities, Weirdness & Mutations

You are very small and have problems with some larger weapons.
You are too small for most types of armour.
You have supernaturally acute eyesight. (SInv)
You cover ground extremely quickly. (Speed+++)
You are partially covered in iridescent scales. (AC +2)
You are agile. (Dex +4, Str/Int -1)
Your mind is acute. (Int +4, Str/Dex -1)


Message History

The orc misses you.
The orc wizard casts a spell.
The orc wizard flickers and vanishes for a moment.
You miss the orc wizard.
The orc wizard is severely wounded.
The adder closely misses you.
You hit the orc wizard.
The orc wizard is almost dead.
The orc completely misses you. The orc misses you.
The orc completely misses you.
The orc wizard gestures at you while chanting.
The magic dart hits you. The orc closely misses you.
You are too injured to fight recklessly!
You are too injured to fight recklessly!
You are too injured to fight recklessly!
You are too injured to fight recklessly!
You are too injured to fight recklessly!
You are too injured to fight recklessly!
You are too injured to fight recklessly!
You are too injured to fight recklessly!
You are too injured to fight recklessly!
You are too injured to fight recklessly!
You are too injured to fight recklessly!
You are too injured to fight recklessly!
You are too injured to fight recklessly!
You are too injured to fight recklessly!
You are too injured to fight recklessly!
Unknown command.
You hit the orc wizard but do no damage.
The orc wizard is almost dead.
The adder bites you but does no damage.
Unknown command.
You hit the orc wizard.
You kill the orc wizard!
The adder barely misses you. The orc hits you with a +0 hand axe.
* * * LOW HITPOINT WARNING * * *
The orc hits you from afar with a +0 trident.
* * * LOW HITPOINT WARNING * * *
The orc hits you with a +0 flail.
You die...

###.##
####.....
#.......#
#.......###
#..........
#.......#
#..)o...#
#..@o...#
#.o.So..#
#########


You could see an adder and 4 orcs.

Vanquished Creatures
  An orc wizard (D:3)
  7 endoplasms
  2 giant cockroaches
  2 goblins
  2 hobgoblins
  6 jackals
  A quokka (D:2)
  5 ball pythons
  3 bats
  A frilled lizard (D:2)
  3 kobolds
  A rat (D:2)
34 creatures vanquished.

Notes
Turn   | Place    | Note
-------+----------+-------------------------------------------
     0 | D:1      | qeuew the Spriggan Brigand began the quest for the Orb.
     0 | D:1      | Reached XP level 1. HP: 10/10 MP: 2/2
   112 | D:1      | You fall into a shaft and drop 1 floor!
   215 | D:2      | Reached skill level 6 in Stealth
   234 | D:2      | Reached XP level 2. HP: 2/15 MP: 3/3
   696 | D:1      | Found a faded altar of an unknown god.
   850 | D:1      | Reached XP level 3. HP: 18/18 MP: 4/4
  1052 | D:1      | Reached skill level 10 in Stealth
  1052 | D:1      | Reached XP level 4. HP: 24/24 MP: 5/5
  1053 | D:1      | Gained mutation: You are partially covered in iridescent
                  | scales. (AC +2) [potion of mutation]
  1053 | D:1      | Gained mutation: You are agile. (Dex +4, Str/Int -1)
                  | [potion of mutation]
  1053 | D:1      | Gained mutation: Your mind is acute. (Int +4, Str/Dex -1)
                  | [potion of mutation]
  1479 | D:3      | HP: 1/24 [orc/+0 trident (4)]
  1479 | D:3      | Slain by an orc

Illustrated notes

Levels and vault maps discovered:
D:1:      dpeg_arrival_concentric_ovals, layout_basic,
          hellmonk_ecumenical_altar_run_dry, minivault_23
D:2:      layout_rooms
D:3:      layout_loops_cross, lexackson_kobold_supper, uniq_robin

Skill      XL: |  1  2  3 |
---------------+----------+-----
Stealth        | 6 10 | 10.4
Dodging        | 2 7 |  7.2
Fighting       | 3 |  3.4
Short Blades   | 6 |  6.4
Throwing       | 4 |  4.2

Action                     |  1- 3 |  4- 6 || total
---------------------------+-------+-------++-------
  Melee: Dagger            |    57 |    35 ||    92
         Punch             |     3 |     1 ||     4
    Use: Scroll            |     7 |     1 ||     8
         Potion            |     1 |     1 ||     2
   Stab: Sleeping          |     8 |     3 ||    11
 Armour: Robe              |    12 |     5 ||    17
  Dodge: Dodged            |    58 |    43 ||   101

Table legend: (Time is in decaauts)
 A = Elapsed time spent in this place.
 B = Non-inter-level travel time spent in this place.
 C = Inter-level travel time spent in this place.
 D = Time resting spent in this place.
 E = Time spent auto-exploring this place.
 F = Levels seen in this place.
 G = Mean time per level.
                   A        B        C        D        E       F      G
               +--------+--------+--------+--------+--------+-----+--------+
         Total |    947 |    890 |     57 |      0 |    716 |   3 |  315.7 |
       Dungeon |    947 |    890 |     57 |      0 |    716 |   3 |  315.7 |
               +--------+--------+--------+--------+--------+-----+--------+

Top non-repeatable levels by time:
     D:1: 631 daAuts
     D:2: 311 daAuts
     D:3: 4 daAuts
